 Dungeon Crawl Stone Soup version 0.27-a0-1202-ge72e49191c (console) character file.

Game seed: 12232559398119587031

35 Gather the Caller (level 3, -1/15 HPs)
             Began as a Felid Summoner on June 4, 2021.
             Succumbed to a kobold brigand's poison
             ... on level 6 of the Dungeon.
             The game lasted 00:14:55 (3410 turns).

Gather the Caller (Felid Summoner)                  Turns: 3410, Time: 00:14:55

Health: -1/15      AC:  1    Str:  4    XL:     3   Next: 17%
Magic:  5/7        EV: 18    Int: 17    God:
Gold:   89         SH:  0    Dex: 16    Spells: 0/6 levels left
                                        Lives:  0   Deaths: 0

rFire    . . .     SeeInvis +   (weapon unavailable)
rCold    . . .     Faith    .   (shield unavailable)
rNeg     . . .     Spirit   +   (armour unavailable)
rPois    .         Reflect  .   (helmet unavailable)
rElec    .         Harm     .   (cloak unavailable)
rCorr    .         Rampage  .   (gloves unavailable)
Will     .....                  (boots unavailable)
Stlth    +++.......             g - amulet of guardian spirit
HPRegen  0.05/turn              (no ring)
MPRegen  0.10/turn              (no ring)

@: lethally poisoned (-1 -> -12), hasted, very quick
A: very small, claws 1, fangs 3, see invisible, speed 1, shaggy fur 1, stealthy
paws, no weapons or thrown items, no armour, multi-lived
a: no special abilities


You were on level 6 of the Dungeon.
You visited 1 branch of the dungeon, and saw 6 of its levels.

You collected 89 gold pieces.

Inventory:

Jewellery
 g - an amulet of guardian spirit (around neck)
Scrolls
 b - 2 scrolls of identify
Potions
 c - a potion of flight
 e - a potion of haste


   Skills:
 - Level 1.2 Fighting
 - Level 3.3 Dodging
 + Level 3.5 Stealth
 - Level 0.4 Unarmed Combat
 - Level 2.1 Spellcasting
 - Level 0.4 Hexes
 - Level 4.0 Summonings


You couldn't memorise any spells.
You knew the following spells:

 Your Spells              Type           Power      Damage    Failure   Level
a - Call Imp              Summ           15%        N/A       5%          2
b - Summon Small Mammal   Summ           60%        N/A       3%          1
c - Summon Guardian Gole  Hex/Summ       9%         N/A       24%         3

Your spell library contained the following spells:

 Spells                   Type           Power      Damage    Failure   Level
 Call Canine Familiar     Summ           15%        N/A       11%         3
 Beastly Appendage        Tmut           2%         N/A       19%         1
 Freeze                   Ice            4%         1d3       19%         1
 Wereblood                Tmut           1%         N/A       28%         2
 Frozen Ramparts          Ice            2%         1d2       50%         3
 Ozocubu's Armour         Ice            1%         N/A       50%         3
 Spider Form              Tmut/Pois      0%         N/A       50%         3
 Summon Ice Beast         Ice/Summ       8%         N/A       63%         4
 Summon Lightning Spire   Summ/Air       8%         N/A       63%         4
 Hailstorm                Conj/Ice       1%         3d3       88%         4
 Ice Form                 Ice/Tmut       1%         N/A       88%         4
 Hydra Form               Tmut           0%         N/A       99%         5
 Metabolic Englaciation   Hex/Ice        1%         N/A       99%         5


Dungeon Overview and Level Annotations

Branches:
Dungeon (7/15)             Temple (0/1) D:7

Altars:
Uskayaw
Vehumet

Shops:
D:1 :

Annotations:
D:5 Dowan, Duvessa


Innate Abilities, Weirdness & Mutations

You have sharp claws.
You have razor-sharp teeth.
You have supernaturally acute eyesight. (SInv)
You cover ground quickly. (Speed+)
You are covered in fur. (AC +1)
Your paws help you pounce on unaware monsters.
You are incapable of wielding weapons or throwing items.
You cannot wear armour.
You gain extra lives every three experience levels.


Message History

You feel less confused.
The orc wizard points at you and mumbles some strange words.
The puff of flame misses you.
A kobold brigand comes into view.
It is wielding a +0 club and quivering poisoned darts.
The kobold brigand shouts!
A kobold comes into view. It is wielding a +0 dagger.
The kobold shouts!
You hear a shout!
The kobold brigand throws a poisoned dart.
The poisoned dart closely misses you.
The kobold throws a stone.
The stone closely misses you.
Okay, then.
You feel yourself speed up.
The kobold brigand throws a poisoned dart.
The poisoned dart misses you.
The kobold throws a stone.
The stone closely misses you.
A kobold comes into view. It is wielding a +0 dagger.
An orc comes into view. It is wielding a +0 trident.
The kobold barely misses you.
The kobold brigand hits you with a +0 club.
The orc shouts!
The kobold misses you. The kobold barely misses you.
The kobold brigand throws a poisoned dart.
The poisoned dart hits you!
You are lethally poisoned!
You feel sick.
You feel sick.
You feel sick.
You feel sick.
You feel sick.
* * * LOW HITPOINT WARNING * * *
You feel sick.
The kobold brigand throws a poisoned dart.
The poisoned dart hits you!
You are more poisoned.
* * * LOW HITPOINT WARNING * * *
You feel sick.
An ice beast comes into view.
* * * LOW HITPOINT WARNING * * *
You feel sick.
Found a scroll labelled YLAEZEUPTO.
You die...

#.#.# ### #.#o## #
#....# # ###o.# # #..##
# #...# # ##..# #..#
#..# ##############[
####..####.............[
..o..KK.........@#
####.K####.#####.# #..#
#.# #.# #..# #.# #.#
#..# ... #Y# #..# ...
.?. .... ..... ... ####
##... ...


You could see an ice beast (asleep).

Vanquished Creatures
  A hobgoblin (D:3)
  A quokka (D:1)
  2 ball pythons (D:1)
  3 bats
  2 kobolds
9 creatures vanquished.

Vanquished Creatures (collateral kills)
  An adder (D:2)
  A white imp (D:6)
  A dart slug (D:2)
  2 ball pythons
  2 bats (D:2)
  4 endoplasms
  2 goblins (D:2)
  3 hobgoblins (D:2)
  3 quokkas
  3 kobolds
  3 rats (D:2)
25 creatures vanquished.

Grand Total: 34 creatures vanquished

Notes
Turn   | Place    | Note
-------+----------+-------------------------------------------
     0 | D:1      | Gather the Felid Summoner began the quest for the Orb.
     0 | D:1      | Reached XP level 1. HP: 7/7 MP: 4/4
   460 | D:1      | Found a faded altar of an unknown god.
   649 | D:1      | Found Leoc's Book Emporium.
  1488 | D:2      | Reached XP level 2. HP: 12/12 MP: 1/6
  1535 | D:2      | Learned a level 2 spell: Call Imp
  1574 | D:2      | Reached skill level 1 in Fighting
  2473 | D:2      | Reached XP level 3. HP: 15/15 MP: 0/7
  2663 | D:2      | Learned a level 3 spell: Summon Guardian Golem
  2859 | D:3      | You fall into a shaft and drop 3 floors!
  2864 | D:6      | Noticed a scorpion
  2880 | D:5      | Entered Level 5 of the Dungeon
  2880 | D:5      | Noticed a phantom
  3045 | D:5      | Noticed Duvessa
  3046 | D:5      | Noticed Dowan
  3186 | D:7      | Noticed a phantom
  3187 | D:7      | Found a hide-covered altar of Uskayaw.
  3187 | D:7      | Found a radiant altar of Vehumet.
  3187 | D:7      | Noticed a steam dragon
  3201 | D:7      | Noticed a bullfrog
  3211 | D:7      | Found a staircase to the Ecumenical Temple.
  3212 | D:7      | Noticed a troll
  3391 | D:6      | Noticed a kobold brigand
  3409 | D:6      | Noticed an ice beast
  3410 | D:6      | Succumbed to a kobold brigand's poison

Illustrated notes

Levels and vault maps discovered:
D:1:      dpeg_arrival_another_circle, layout_basic, serial_shops, shop_statue,
          chequers_ecumenical_altar_simple_redux
D:2:      layout_rooms
D:3:      layout_basic, fedhas_altar_3, portal_sewer_entry_e, chequers_garden,
          kennysheep_generic_room_13, uniq_crazy_yiuf_cottage, uniq_terence
D:5:      lemuel_ice_spiral_2, layout_rooms,
          grunt_temple_overflow_champion_of_chaos, nrook_mini_vaults,
          hangedman_feature_mirror, uniq_duvessa, uniq_ijyb
D:6:      layout_loops_ring
D:7:      layout_basic, grunt_temple_overflow_open, kennysheep_mini_moat,
          lemuel_round_altar, minmay_temple_entry_glass, grunt_decor_arrowhead,
          lemuel_old_faithful, uniq_harold, uniq_prince_ribbit1

Skill      XL: |  1  2 |
---------------+-------+-----
Stealth        | 3 |  3.5
Dodging        | 3 |  3.3
Fighting       | 1 |  1.2
Unarmed Combat | |  0.4
Spellcasting   | |  2.1
Hexes          | |  0.4
Summonings     | |  4.0

Action                   || total
-------------------------++-------
Melee: Unarmed           ||    34
       Bite              ||     3
 Cast: Summon Small Mamm ||    25
       Call Imp          ||    40
  Use: Scroll            ||     4
       Potion            ||     2
 Stab: Sleeping          ||     4
Armor: Skin              ||     4
Dodge: Dodged            ||    66

Table legend: (Time is in decaauts)
 A = Elapsed time spent in this place.
 B = Non-inter-level travel time spent in this place.
 C = Inter-level travel time spent in this place.
 D = Time resting spent in this place.
 E = Time spent auto-exploring this place.
 F = Levels seen in this place.
 G = Mean time per level.
                   A        B        C        D        E       F      G
               +--------+--------+--------+--------+--------+-----+--------+
         Total |   3069 |   2991 |     78 |    257 |   2068 |   6 |  511.5 |
       Dungeon |   3069 |   2991 |     78 |    257 |   2068 |   6 |  511.5 |
               +--------+--------+--------+--------+--------+-----+--------+

Top non-repeatable levels by time:
     D:1: 1384 daAuts
     D:2: 1105 daAuts
     D:6: 346 daAuts
     D:7: 124 daAuts
     D:3: 94 daAuts
     D:5: 14 daAuts
